 Dungeon Crawl Stone Soup version 0.23-a0-151-gf6d1ed2 (webtiles) character file.

44 Amnesiac the Ducker (level 3, -2/18 HPs)
             Began as a Spriggan Transmuter on Sept 9, 2018.
             Slain by a worm (12 damage)
             ... on level 2 of the Dungeon.
             The game lasted 00:02:01 (1659 turns).

Amnesiac the Ducker (Spriggan Transmuter)           Turns: 1659, Time: 00:02:02

Health: -2/18      AC:  3    Str:  7    XL:     3   Next: 41%
Magic:  8/8        EV: 20    Int: 14    God:
Gold:   113        SH:  0    Dex: 16    Spells: 2/8 levels left

rFire    . . .     SeeInvis +     - Unarmed
rCold    . . .     Gourm    .   (shield restricted)
rNeg     . . .     Faith    .   b - +0 robe
rPois    .         Spirit   .   (helmet restricted)
rElec    .         Reflect  .   c - +0 cloak
rCorr    .         Harm     .   (gloves unavailable)
MR       .....                  (boots unavailable)
Stlth    +.........             (no amulet)
HPRegen  0.06/turn              (no ring)
MPRegen  0.11/turn              (no ring)

@: appendage, very quick
A: very small, unfitting armour, talons 3, see invisible, herbivore, speed 3,
slow metabolism 2
a: End Transformation


You were on level 2 of the Dungeon.
You were not hungry.
You had grown temporary talons.
You visited 1 branch of the dungeon, and saw 2 of its levels.

You collected 113 gold pieces.

Inventory:

Missiles
 a - 9 arrows
Armour
 b - a +0 robe (worn)
 c - a +0 cloak (worn)
Jewellery
 k - an uncursed ring of protection from cold {unknown}
Wands
 m - a wand of disintegration (13)
Scrolls
 h - 3 scrolls of teleportation {!r, unknown}
 j - 2 scrolls of fear {!r, unknown}
 l - a scroll of identify {!r, unknown}
Potions
 e - a potion of agility {!q, unknown}
 f - a potion of degeneration {!q, unknown}
 g - a potion of berserk rage {!q, unknown}
 i - 2 potions of curing {!q, unknown}
Comestibles
 d - 3 rations


   Skills:
 - Level 1.0 Fighting
 * Level 4.4 Dodging
 + Level 2.7 Unarmed Combat
 - Level 3.1 Spellcasting
 - Level 3.0 Transmutations


You had 2 spell levels left.
You knew the following spells:

 Your Spells              Type           Power        Failure   Level  Hunger
a - Beastly Appendage     Tmut           ##....       6%          1    #......
b - Sticks to Snakes      Tmut           ##......     10%         2    ##.....
c - Spider Form           Tmut/Pois      #.........   34%         3    ###....

Your spell library contained the following spells:

 Spells                   Type           Power        Failure   Level  Hunger
 Ice Form                 Ice/Tmut       #.......     75%         4    #####..
 Blade Hands              Tmut           ##........   86%         5    ######.


Dungeon Overview and Level Annotations

Branches:
Dungeon (2/15)

Altars:


Innate Abilities, Weirdness & Mutations

You are very small and have problems with some larger weapons.
You are too small for most types of armour.
You have supernaturally acute eyesight. (SInv)
You are a herbivore.
You cover ground extremely quickly.
You need to consume almost no food.
You have claws for feet.


Message History

The rat is moderately wounded.
The rat misses you. The goblin closely misses you.
You hit the rat.
You kill the rat!
The goblin completely misses you.
You closely miss the goblin. The goblin hits you.
You closely miss the goblin. The goblin closely misses you.
You barely miss the goblin. The goblin closely misses you.
You hit the goblin but do no damage. You hit the goblin.
The goblin is heavily wounded.
The goblin hits you but does no damage.
You closely miss the goblin.
The goblin is heavily wounded.
The goblin completely misses you.
You closely miss the goblin.
The goblin is heavily wounded.
Your transformation is almost over.
The goblin misses you.
You miss the goblin. You headbutt the goblin.
You kill the goblin!
You see here a goblin corpse.
m - a wand of disintegration (13)
A worm comes into view.
You see here 11 gold pieces.
A worm is nearby!
A worm is nearby!
A worm is nearby!
You now have 113 gold pieces (gained 11).
Your horns disappear.
Casting: Beastly Appendage (safe; 6% risk of failure)
Confirm with . or Enter, or press ? or * to list all spells.
Your feet morph into talons.
You hit the worm.
The worm is lightly wounded.
The worm barely misses you.
You hit the worm. You claw the worm.
The worm is moderately wounded.
The worm closely misses you.
You hit the worm.
The worm is moderately wounded.
You barely miss the worm.
The worm is moderately wounded.
The worm closely misses you.
You barely miss the worm.
The worm is moderately wounded.
You barely miss the worm. You claw the worm, but do no damage.
The worm is moderately wounded.
The worm barely misses you.
You hit the worm. You claw the worm.
The worm is severely wounded.
The worm bites you!
You barely miss the worm.
The worm is heavily wounded.
You hit the worm. You claw the worm, but do no damage.
The worm is severely wounded.
The worm closely misses you.
You barely miss the worm.
The worm is heavily wounded.
You barely miss the worm.
The worm is heavily wounded.
The worm bites you!
Ouch! That really hurt!
You die...

# # .. .# # . .# #
.#.# # ... ####### #
#.. ....... #
#######.####.##
####### # #
.......w....... #.#
#@# ..# #.# ..# #.#
..# #.## ..#
#####..###+###### ..#
#...............# ..#
#.......†.......# ..#
#.......†.......# .##
#######+#.......######


You could see a worm.

Vanquished Creatures
  2 adders (D:2)
  A dart slug (D:1)
  A bat (D:2)
  2 giant cockroaches (D:1)
  3 goblins
  2 hobgoblins
  2 kobolds (D:2)
  A frilled lizard (D:1)
  6 rats
20 creatures vanquished.

Vanquished Creatures (collateral kills)
  An adder (D:2)
1 creature vanquished.

Grand Total: 21 creatures vanquished

Notes
Turn   | Place    | Note
-------+----------+-------------------------------------------
     0 | D:1      | Amnesiac the Spriggan Transmuter began the quest for the
                  | Orb.
     0 | D:1      | Reached XP level 1. HP: 9/9 MP: 5/5
   100 | D:1      | Reached skill level 1 in Fighting
   120 | D:1      | Reached XP level 2. HP: 14/14 MP: 5/7
  1259 | D:2      | Learned a level 2 spell: Sticks to Snakes
  1266 | D:2      | Reached skill level 4 in Dodging
  1266 | D:2      | Reached XP level 3. HP: 14/18 MP: 4/8
  1271 | D:2      | Learned a level 3 spell: Spider Form
  1659 | D:2      | Slain by a worm

Vault maps used:
D:1:      dpeg_arrival_prison

Skill      XL: |  1  2 |
---------------+-------+-----
Transmutations | 3 |  3.0
Spellcasting   | 3 |  3.1
Fighting       | 1 |  1.0
Dodging        | 4 |  4.4
Unarmed Combat | |  2.7

Action                   || total
-------------------------++-------
Melee: Unarmed           ||    87
       Kick              ||    14
       Headbutt          ||    10
       Punch             ||     1
 Cast: Beastly Appendage ||    18
       Sticks to Snakes  ||     3
 Stab: Sleeping          ||     1
Armor: Robe              ||     8
Dodge: Dodged            ||    55

Table legend:
 A = Non-vault XP
 B = Vault XP
 C = Vault XP percentage of total XP
 D = Non-vault monster count
 E = Vault monster count
 F = Vault count percentage of total count
                 A         B        C        D         E       F
            +---------+---------+-------+---------+---------+-------
      Total |      58 |       6 |   9.4 |      16 |       5 |  23.8
            +---------+---------+-------+---------+---------+-------
        D:1 |      11 |       6 |  35.3 |       5 |       5 |  50.0
        D:2 |      47 |       0 |   0.0 |      11 |       0 |   0.0
            +---------+---------+-------+---------+---------+-------
